 Dungeon Crawl Stone Soup version 0.31-a0-358-gac0dbeb3ab (webtiles) character file.

Game seed: 3369989132461710388

1312 Newt the Fighter (level 8, 0/73 HPs)
             Began as a Merfolk Fighter on July 25, 2023.
             Killed by nerve-wracking pain
             ... invoked by an orc priest
              (14 damage)
             ... on level 6 of the Dungeon.
             The game lasted 00:06:14 (5690 turns).

Newt the Fighter (Merfolk Fighter)                  Turns: 5690, Time: 00:06:14

Health: 0/73       AC:  9    Str: 18    XL:     8   Next: 58%
Magic:  8/8        EV: 13    Int:  7    God:
Gold:   197        SH:  8    Dex: 14    Spells: 7/7 levels left

rFire   . . .        a - +1 long sword
rCold   . . .        c - +1 buckler
rNeg    . . .        b - +0 scale mail
rPois   .            (no helmet)
rElec   .            u - +0 cloak
rCorr   .            (no gloves)
SInv    .            (no boots)
Will    .....        (no amulet) Stlth
                     k - ring of the Octopus King {Wiz HP+2 AC+2 EV+2 SH+2}
HPRegen 0.32/turn    (no ring)
MPRegen 0.11/turn

%: wizardry (x1)
@: no status effects
A: (nimble swimmer 2), mertail
a: no special abilities


You were on level 6 of the Dungeon.
You visited 1 branch of the dungeon, and saw 6 of its levels.
You also visited: Sewer.

You collected 197 gold pieces.

Inventory:

Hand Weapons
 a - a +1 long sword (weapon)
Missiles
 m - 20 poisoned darts
Armour
 b - a +0 scale mail (worn)
 c - a +1 buckler (worn)
 u - a +0 cloak (worn)
Jewellery
 k - a ring of the Octopus King (left hand) {Wiz HP+2 AC+2 EV+2 SH+2}
   (You found it on level 2 of the Dungeon)

   [ring of wizardry]

   It improves your spell success rate.
   AC:        It affects your AC (+2).
   EV:        It affects your evasion (+2).
   HP:        It affects your health (+2).
   SH:        It affects your SH (+2).
 l - a ring of fire
 s - a ring of ice
 x - a ring of wizardry
Wands
 o - a wand of polymorph (11)
Scrolls
 i - 2 scrolls of fear
 t - a scroll of poison {unknown}
 v - a scroll of fog {unknown}
 w - a scroll of blinking {unknown}
Potions
 d - 2 potions of might
 e - 3 potions of attraction
 f - 4 potions of heal wounds
 g - a potion of degeneration
 h - 3 potions of curing
 j - a potion of invisibility
 n - a potion of enlightenment {unknown}
 p - a potion of ambrosia {unknown}
 q - a potion of cancellation {unknown}
 r - a potion of magic {unknown}


   Skills:
 - Level 9.0 Fighting
 - Level 3.0 Long Blades
 - Level 2.1 Armour
 - Level 6.0 Dodging
 - Level 5.0 Shields
 + Level 1.9 Evocations


You had 7 spell levels left.
You didn't know any spells.
Your spell library was empty.

Dungeon Overview and Level Annotations

Branches:
Dungeon (6/15)              Sewer (visited)
 Temple: D:4-7

Altars:
Nemelex Xobeh
Ru

Shops:
D:1 (   D:6 :


Innate Abilities, Weirdness & Mutations

((You are very nimble when in or above water. (Stealth+, EV+, Speed+++)))
Your lower body shifts to a powerful aquatic tail in water.


Message History

Beogh smites you!
You hit the orc priest.
The orc priest is moderately wounded.
The orc priest invokes the aid of Beogh against you.
Beogh smites you! The orc priest barely misses you. x2
You barely miss the orc priest.
The orc priest is lightly wounded.
The orc barely misses you.
The orc priest mumbles some strange prayers to Beogh against you.
Pain shoots through your body!
You are too injured to fight recklessly!
Unknown command.
The orc priest attacks as you move away!
The orc priest barely misses you.
The orc priest calls down the wrath of Beogh upon you.
Pain shoots through your body!
There is a stone staircase leading down here.
You block the orc's attack.
The orc priest hits you but does no damage.
The orc priest invokes the aid of Beogh against you.
Beogh smites you!
* * * LOW HITPOINT WARNING * * *
You climb downwards.
There is a stone staircase leading up here.
You hit the orc priest.
The orc priest is moderately wounded.
You block the orc priest's attack.
The orc priest hits you but does no damage.
You barely miss the orc priest.
The orc priest is moderately wounded.
The orc priest mumbles some strange prayers to Beogh against you.
You struggle to resist.
You hit the orc priest.
The orc priest is severely wounded.
The orc priest hits you but does no damage.
You hit the orc priest.
The orc priest is almost dead.
The orc priest mumbles some strange prayers to Beogh against you.
Pain shoots through your body!
You die...

####### #.....#
.. #.....# ...
#.....#....
#######.....#....
.........o...>...
#))@..# ##[<...#
######..[...###.
.....≈≈.≈≈.......
####≈≈≈.≈≈≈.#####
#≈≈⌠.⌠≈≈.#
#....∩....#
#.≈≈⌠.⌠≈≈.#
...≈≈≈.≈≈≈##


You could see an orc priest.

Vanquished Creatures
  The ghost of Soraphim the Ducker, an amateur DjFE (D:3)
  2 ice beasts
  A black bear (D:5)
  An ogre (D:4)
  2 kobold brigands (Sewer)
  A jelly (D:5)
  2 hounds
  2 orc priests
  A gnoll bouda (D:4)
  An iguana (D:6)
  Natasha (thrice) (D:2)
  3 orc wizards
  7 gnolls (D:4)
  4 river rats
  12 adders
  An ufetubus (D:4)
  3 worms (D:4)
  2 dart slugs
  9 orcs
  15 ball pythons
  7 endoplasms
  3 giant cockroaches
  10 goblins
  6 hobgoblins
  9 jackals
  9 kobolds
  4 quokkas
  6 bats
  3 frilled lizards
  11 rats
141 creatures vanquished.

Notes
Turn   | Place    | Note
-------+----------+-------------------------------------------
     0 | D:1      | Newt the Merfolk Fighter began the quest for the Orb.
     0 | D:1      | Reached XP level 1. HP: 18/18 MP: 1/1
    66 | D:1      | Reached XP level 2. HP: 25/25 MP: 2/2
    67 | D:1      | Reached skill level 4 in Fighting
   120 | D:1      | Reached skill level 1 in Dodging
   349 | D:1      | Reached XP level 3. HP: 30/30 MP: 3/3
   550 | D:1      | Found Utiu's Antique Weapon Shoppe.
   822 | D:2      | Noticed Natasha
   828 | D:2      | Killed Natasha
   829 | D:2      | Reached XP level 4. HP: 11/37 MP: 4/4
  1087 | D:2      | Found the ring of the Octopus King
  1095 | D:2      | Identified a ring of the Octopus King {Wiz HP+2 AC+2 EV+2
                  | SH+2}
  1270 | D:2      | Noticed Natasha
  1275 | D:2      | Killed Natasha
  1468 | D:2      | Noticed Natasha
  1473 | D:2      | Killed Natasha
  1474 | D:2      | Reached XP level 5. HP: 41/42 MP: 5/5
  1832 | D:3      | Found a faded altar of an unknown god.
  1860 | D:3      | Found a runed translucent door.
  1860 | D:3      | Noticed Soraphim's ghost (amateur DjFE)
  2284 | D:3      | Killed Soraphim's ghost
  2285 | D:3      | Reached skill level 5 in Shields
  2285 | D:3      | Reached XP level 6. HP: 49/49 MP: 6/6
  2430 | D:4      | Found a sacrificial altar of Ru.
  2455 | D:4      | Reached skill level 5 in Fighting
  2561 | D:4      | Found a sparkling altar of Nemelex Xobeh.
  2741 | D:4      | Found a glowing drain.
  2755 | Sewer    | Entered a sewer
  2858 | Sewer    | Reached skill level 6 in Fighting
  2858 | Sewer    | Reached XP level 7. HP: 57/58 MP: 7/7
  3051 | Sewer    | Reached skill level 5 in Dodging
  3761 | D:4      | Reached skill level 7 in Fighting
  3765 | D:4      | Reached XP level 8. HP: 47/67 MP: 8/8
  4347 | D:5      | Entered Level 5 of the Dungeon
  4358 | D:5      | Reached skill level 8 in Fighting
  4637 | D:6      | Found Hiovorpha's Self-Improvement Boutique.
  5122 | D:6      | Reached skill level 9 in Fighting
  5130 | D:6      | Reached skill level 1 in Evocations
  5690 | D:6      | Killed from afar by an orc priest

Illustrated notes

Levels and vault maps discovered:
D:1:      amcnicky_arrival_single_pillar, layout_rooms, serial_shops,
          nicolae_lakefront_shop
D:2:      layout_basic, uniq_natasha
D:3:      layout_loops_ring, ebering_ghost_sewer_d,
          ebering_ecumenical_altar_abandoned
D:4:      layout_loops_ring, nicolae_overflow_crystal_walls,
          nemelex_dance_club_becter, gup_sewer_entry_spiral, serial_bayou_pond_b
D:5:      layout_rooms
D:6:      layout_rooms, mainiacjoe_overflow_paths, nicolae_shop_self_help,
          uniq_eustachio, uniq_prince_ribbit1, uniq_sigmund

Skill      XL: |  1  2  3  4  5  6  7  8 |
---------------+-------------------------+-----
Fighting       | 4 6 7 9 |  9.0
Dodging        | 2 4 6 |  6.0
Long Blades    | 3 |  3.0
Shields        | 5 |  5.0
Evocations     | 1 |  1.9
Armour         | |  2.1

Action                     |  1- 3 |  4- 6 |  7- 9 || total
---------------------------+-------+-------+-------++-------
  Melee: Long sword        |   100 |   210 |   296 ||   606
         Tailslap          |       |     5 |       ||     5
    Use: Scroll            |     3 |     7 |     3 ||    13
         Potion            |     1 |     1 |       ||     2
 Armour: Scale mail        |    48 |    62 |   139 ||   249
  Dodge: Dodged            |    52 |   123 |   205 ||   380
  Block: Buckler           |    31 |   101 |   149 ||   281

Table legend: (Time is in decaauts)
 A = Elapsed time spent in this place.
 B = Non-inter-level travel time spent in this place.
 C = Inter-level travel time spent in this place.
 D = Time resting spent in this place.
 E = Time spent auto-exploring this place.
 F = Levels seen in this place.
 G = Mean time per level.
                   A        B        C        D        E       F      G
               +--------+--------+--------+--------+--------+-----+--------+
         Total |   5745 |   5591 |    154 |   1543 |   2784 |   7 |  820.7 |
       Dungeon |   5276 |   5122 |    154 |   1543 |   2511 |   6 |  879.3 |
         Sewer |    469 |    469 |      0 |      0 |    273 |   1 |  469.0 |
               +--------+--------+--------+--------+--------+-----+--------+

Top non-repeatable levels by time:
     D:4: 1425 daAuts
     D:2: 1074 daAuts
     D:6: 1016 daAuts
     D:3: 771 daAuts
     D:1: 623 daAuts
   Sewer: 469 daAuts
     D:5: 364 daAuts
